 Dungeon Crawl Stone Soup version 0.17.0-9-g801d43b (console) character file.

3434 Garrluk the Basher (level 10, 0/107 HPs)
             Began as an Ogre Gladiator on Nov 10, 2015.
             Was a Believer of Okawaru.
             Slain by a killer bee (4 damage)
             ... on level 8 of the Dungeon.
             The game lasted 00:19:23 (7891 turns).

Garrluk the Basher (Ogre Gladiator)                 Turns: 7891, Time: 00:19:23

Health: 0/107      AC:  4    Str: 25    XL:     10   Next: 5%
Magic:  10/10      EV: 10    Int: 10    God:    Okawaru [**....]
Gold:   207        SH:  0    Dex: 10    Spells: 0 memorised, 9 levels left

rFire  . . .     SeeInvis .     b - +2 whip (venom)
rCold  . . .     Clarity  .     p - +0 robe
rNeg   . . .     SustAt   .     (no shield)
rPois  .         Gourm    .     c - +0 hat
rElec  .         Spirit   .     P - +0 cloak
rCorr  .         Warding  .     (gloves unavailable)
rMut   .         Stasis   +     (boots unavailable)
MR     +....                    R - amulet of stasis
Stlth  +.........               M - +3 ring of strength
                                y - ring of flight

@: lethally poisoned (0 -> -51), somewhat resistant to hostile enchantments,
very unstealthy
A: unfitting armour, tough skin 1
a: Heroism, Renounce Religion, Evoke Flight


You were on level 8 of the Dungeon.
You worshipped Okawaru.
Okawaru was pleased with you.
You were not hungry.

You visited 2 branches of the dungeon, and saw 9 of its levels.

You collected 469 gold pieces.
You spent 262 gold pieces at shops.

Notes
Turn   | Place    | Note
--------------------------------------------------------------
     0 | D:1      | Garrluk the Ogre Gladiator began the quest for the Orb.
     0 | D:1      | Reached XP level 1. HP: 22/22 MP: 1/1
   253 | D:1      | Reached XP level 2. HP: 25/31 MP: 2/2
   905 | D:2      | Reached XP level 3. HP: 29/37 MP: 3/3
  1047 | D:2      | Found a glowing silver altar of Zin.
  1832 | D:3      | Reached skill level 5 in Maces & Flails
  1872 | D:3      | Found a snail-covered altar of Cheibriados.
  1900 | D:3      | Found a sacrificial altar of Ru.
  1904 | D:3      | Reached XP level 4. HP: 48/48 MP: 4/4
  1946 | D:3      | Reached XP level 5. HP: 41/55 MP: 5/5
  2053 | D:2      | Found a radiant altar of Vehumet.
  2309 | D:4      | Reached skill level 5 in Fighting
  2309 | D:4      | Reached skill level 6 in Maces & Flails
  2389 | D:4      | Noticed a phantom
  2416 | D:4      | Killed a phantom
  2416 | D:4      | Reached XP level 6. HP: 34/66 MP: 4/6
  2701 | D:4      | Reached skill level 7 in Maces & Flails
  2857 | D:5      | Entered Level 5 of the Dungeon
  3167 | D:5      | Noticed P0WERM0DE's ghost (novice HEAs)
  3244 | D:5      | Reached XP level 7. HP: 57/72 MP: 5/7
  3426 | D:5      | Killed P0WERM0DE's ghost
  3426 | D:5      | Reached skill level 8 in Maces & Flails
  3876 | D:5      | Reached XP level 8. HP: 80/84 MP: 6/8
  4145 | D:5      | Noticed a water moccasin
  4165 | D:5      | Killed a water moccasin
  4165 | D:5      | Reached skill level 9 in Maces & Flails
  4262 | D:5      | Reached skill level 5 in Throwing
  4891 | D:6      | Found Fiom's Weapon Emporium.
  4894 | D:6      | Bought a +4 giant spiked club for 262 gold pieces
  5319 | D:6      | Reached skill level 10 in Maces & Flails
  5507 | D:6      | Found a stormy altar of Qazlal.
  5595 | D:6      | Found a basalt altar of Yredelemnul.
  5596 | D:6      | Found a radiant altar of Vehumet.
  5602 | D:6      | Reached XP level 9. HP: 75/96 MP: 6/9
  5603 | D:6      | Found a deep blue altar of Sif Muna.
  5921 | D:6      | Found a deep blue altar of Sif Muna.
  5935 | D:6      | Reached skill level 11 in Maces & Flails
  6426 | D:7      | Noticed Joseph
  6788 | D:7      | Found a staircase to the Ecumenical Temple.
  6806 | Temple   | Entered the Ecumenical Temple
  6839 | Temple   | Became a worshipper of Warmaster Okawaru
  7105 | D:7      | Killed Joseph
  7105 | D:7      | Reached * piety under Okawaru
  7105 | D:7      | Reached skill level 12 in Maces & Flails
  7634 | D:8      | Reached XP level 10. HP: 46/107 MP: 10/10
  7880 | D:8      | Reached ** piety under Okawaru
  7891 | D:8      | HP: 4/107 [killer bee (4)]
  7891 | D:8      | Slain by a killer bee

Inventory:

Hand Weapons
 a - a +4 giant spiked club
   (You bought it in a shop on level 6 of the Dungeon)
 b - a +2 whip of venom (weapon)
   (You found it on level 1 of the Dungeon)
Missiles
 d - 3 throwing nets
 o - 49 poisoned needles
 v - 58 stones
 z - 16 tomahawks (quivered)
 H - 5 needles of sleeping
 K - 3 silver tomahawks
Armour
 c - a +0 hat (worn)
 p - a +0 robe (worn)
 P - a +0 cloak (worn)
   (You found it on level 8 of the Dungeon)
Jewellery
 s - an uncursed amulet of guardian spirit
   (You found it on level 2 of the Dungeon)
 y - a ring of flight (left hand)
   (You found it on level 3 of the Dungeon)
 M - a +3 ring of strength (right hand)
   (You found it on level 6 of the Dungeon)
 R - an amulet of stasis (around neck)
   (You found it on level 8 of the Dungeon)
Wands
 r - a wand of fireball (1)
   (You took it off Joseph on level 7 of the Dungeon)
 A - a wand of polymorph (7)
   (You found it on level 3 of the Dungeon)
Scrolls
 e - a scroll of immolation {unknown}
 g - 2 scrolls of fear {unknown}
 h - a scroll of random uselessness {unknown}
 i - 3 scrolls of teleportation {unknown}
 j - 2 scrolls of amnesia {unknown}
 l - 9 scrolls of identify
 n - 2 scrolls of blinking {unknown}
 q - 4 scrolls of remove curse {unknown}
 x - a scroll of fog {unknown}
 B - a scroll of noise {unknown}
 J - a scroll of holy word {unknown}
 L - a scroll of recharging {unknown}
Potions
 t - 2 potions of brilliance
 w - a potion of lignification {unknown}
 C - a potion of flight {unknown}
 E - a potion of poison {unknown}
 F - a potion of mutation {unknown}
 G - a potion of agility {unknown}
 I - a potion of haste
 O - a potion of curing
Comestibles
 f - 5 bread rations
 k - a beef jerky
 m - 3 meat rations
 D - 3 slices of pizza

Table legend:
 A = Turns spent in this place as a percentage of turns spent in the entire game.
 B = Non-inter-level travel turns spent in this place as a percentage of non-inter-level travel turns spent in the entire game.
 C = Inter-level travel turns spent in this place as a percentage of turns spent in this place.
 D = Turns resting spent in this place as a percentage of non-inter-level travel turns spent in this place.
 E = Turns spent auto-exploring this place as a percentage of non-inter-level travel turns spent in this place.
 F = Non-inter-level travel turns spent in this place divided by the number of levels of this place that you've seen.
                   A       B       C       D       E      F
               +-------+-------+-------+-------+-------+----------------------
         Total | 100.0 | 100.0 |   0.7 |   3.4 |   9.0 | 234.4
       Dungeon |  98.8 |  98.9 |   0.6 |   3.4 |   9.1 | 260.9
        Temple |   1.2 |   1.1 |   8.0 |   0.0 |   0.0 |  23.0
               +-------+-------+-------+-------+-------+----------------------


   Skills:
 + Level 9.6 Fighting
 * Level 12.9 Maces & Flails
 + Level 7.2 Throwing
 - Level 2.6 Dodging


You had 9 spell levels left.
You didn't know any spells.

Dungeon Overview and Level Annotations

Branches:
Dungeon (8/15)             Temple (1/1) D:7
   Lair: D:8-11

Altars:
Ashenzari
Cheibriados
Dithmenos
Elyvilon
Fedhas
Gozag
Kikubaaqudgha
Makhleb
Nemelex Xobeh
Okawaru
Qazlal
Ru
Sif Muna
Trog
Vehumet
Xom
Yredelemnul
Zin
The Shining One

Shops:
D:6 (


Innate Abilities, Weirdness & Mutations

You are too large for most types of armour.
You have tough skin (AC +1).


Message History

The killer bee poisons you! The killer bee stings you.
* * * LOW HITPOINT WARNING * * *
You are more poisoned.
The killer bee poisons you!
You completely miss the killer bee.
The killer bee is moderately wounded.
You feel less invigorated.
You feel less confused.
* * * LOW HITPOINT WARNING * * *
You feel sick. The killer bee barely misses you.
The killer bee stings you but does no damage.
That item cannot be evoked!
You hit the killer bee.
The killer bee is moderately wounded.
* * * LOW HITPOINT WARNING * * *
You feel sick. The killer bee stings you.
* * * LOW HITPOINT WARNING * * *
You are more poisoned.
The killer bee poisons you! The killer bee stings you.
You die...

....#...#......))......+ #
....'...'......))......# .+
(...#+###...########.### .#
###....##...########.###..#
..#....#....'.............#
. #....+....#.............#
# #....#############'######
# .................#.### +
.................#...# #
..........#(..# #
.......@y)'...# #
........y.#####... ###
#####.....†....... ..#
♣♣♣♣♣♣♣....... ..# ♣(.....
..# ...... ..# ##... ..# ..
..# . ..# ..#


You could see 2 killer bees.

Table legend:
 A = Kills in this place as a percentage of kills in entire the game.
 B = Kills by you in this place as a percentage of kills by you in the entire game.
 C = Kills by friends in this place as a percentage of kills by friends in the entire game.
 D = Other kills in this place as a percentage of other kills in the entire game.
 E = Experience gained in this place as a percentage of experience gained in the entire game.
 F = Experience gained in this place divided by the number of levels of this place that you have seen.
                   A       B       C       D       E      F
               +-------+-------+-------+-------+-------+----------------------
         Total | 100.0 | 100.0 |  -nan |  -nan | 100.0 | 545.2
       Dungeon |  99.4 |  99.4 |  -nan |  -nan |  99.9 | 613.0
        Temple |   0.6 |   0.6 |  -nan |  -nan |   0.1 |   3.0
               +-------+-------+-------+-------+-------+----------------------

Vanquished Creatures
  Monster Symbol All ' '
  The ghost of P0WERM0DE the Nimble, a novice HEAs (D:5)
1 creature vanquished. All '5' 3 crimson imps A shadow imp (D:5)
4 creatures vanquished. All '@' Joseph (D:7)
1 creature vanquished. All 'F' A giant frog (D:6)
1 creature vanquished. All 'J' 3 jellies 3 oozes
6 creatures vanquished. All 'K' 4 kobolds
4 creatures vanquished. All 'O' 2 ogres
2 creatures vanquished. All 'S' A water moccasin (D:5) 7 adders A ball python (D:4)
9 creatures vanquished. All 'W' A phantom (D:4)
1 creature vanquished. All 'Y' A sky beast (D:6) 2 ice beasts (D:7)
3 creatures vanquished. All 'Z' A giant frog zombie (D:6) A centaur skeleton (D:6) 2 giant frog skeletons A hound zombie (D:6) A hound skeleton (D:5) 2 worker ant zombies (D:5) An adder zombie (D:6) A giant gecko zombie (D:6) A jackal skeleton (D:6) A jackal zombie (D:5) A quokka skeleton (D:4) 2 quokka zombies (D:5)
15 creatures vanquished. All 'a' 4 worker ants
4 creatures vanquished. All 'b' 5 bats
5 creatures vanquished. All 'c' 4 centaurs
4 creatures vanquished. All 'g' 7 gnolls 7 goblins 8 hobgoblins
22 creatures vanquished. All 'h' 3 hounds 6 jackals
9 creatures vanquished. All 'l' 2 iguanas (D:7) 3 giant geckos 3 giant newts
8 creatures vanquished. All 'o' 2 orc warriors (D:6) 10 orc priests 9 orc wizards 27 orcs
48 creatures vanquished. All 'r' 4 quokkas 9 rats
13 creatures vanquished. All 's' A scorpion (D:6) 3 giant cockroaches
4 creatures vanquished. All 'w' A worm (D:2)
1 creature vanquished. All 'y' 4 killer bees (D:8)
4 creatures vanquished.
169 creatures vanquished. Monster Nature Uniques Joseph (D:7)
1 creature vanquished. Natural Monsters The ghost of P0WERM0DE the Nimble, a novice HEAs (D:5) A water moccasin (D:5) 2 orc warriors (D:6) A sky beast (D:6) 2 ice beasts (D:7) 2 ogres 4 centaurs A giant frog (D:6) A scorpion (D:6) 4 killer bees (D:8) 3 hounds 10 orc priests 2 iguanas (D:7) 3 jellies 4 worker ants 9 orc wizards 7 adders 7 gnolls 3 oozes A worm (D:2) 3 giant geckos 27 orcs 5 bats 3 giant cockroaches 7 goblins 8 hobgoblins 4 kobolds A ball python (D:4) 3 giant newts 6 jackals 4 quokkas 9 rats
148 creatures vanquished. Undead Monsters A phantom (D:4) A giant frog zombie (D:6) A centaur skeleton (D:6) 2 giant frog skeletons A hound zombie (D:6) A hound skeleton (D:5) 2 worker ant zombies (D:5) An adder zombie (D:6) A giant gecko zombie (D:6) A jackal skeleton (D:6) A jackal zombie (D:5) A quokka skeleton (D:4) 2 quokka zombies (D:5)
16 creatures vanquished. Demonic Monsters 3 crimson imps A shadow imp (D:5)
4 creatures vanquished.
169 creatures vanquished. Ascending Order Joseph (D:7) The ghost of P0WERM0DE the Nimble, a novice HEAs (D:5) A water moccasin (D:5) A sky beast (D:6) A phantom (D:4) A giant frog (D:6) A scorpion (D:6) A giant frog zombie (D:6) A centaur skeleton (D:6) A hound zombie (D:6) A hound skeleton (D:5) A shadow imp (D:5) An adder zombie (D:6) A worm (D:2) A ball python (D:4) A quokka skeleton (D:4) A giant gecko zombie (D:6) A jackal skeleton (D:6) A jackal zombie (D:5) 2 orc warriors (D:6) 2 ice beasts (D:7) 2 ogres 2 iguanas (D:7) 2 giant frog skeletons 2 worker ant zombies (D:5) 2 quokka zombies (D:5) 3 hounds 3 crimson imps 3 jellies 3 oozes 3 giant geckos 3 giant cockroaches 3 giant newts 4 centaurs 4 killer bees (D:8) 4 worker ants 4 kobolds 4 quokkas 5 bats 6 jackals 7 adders 7 gnolls 7 goblins 8 hobgoblins 9 orc wizards 9 rats 10 orc priests 27 orcs
169 creatures vanquished.

Action                   |  1- 3 |  4- 6 |  7- 9 | 10-12 || total
-------------------------+-------+-------+-------+-------++-------
Melee: Flail             |    21 |    13 |    41 |       ||    75
       Whip              |    68 |   129 |   247 |     7 ||   451
       Giant spiked club |       |       |    57 |    14 ||    71
Throw: Tomahawk          |       |     3 |    33 |     1 ||    37
Evoke: Wand              |       |       |     2 |       ||     2
  Use: Potion            |       |       |     5 |     2 ||     7
       Scroll            |       |       |     1 |       ||     1
 Stab: Paralysed         |       |     2 |       |       ||     2
  Eat: Chunk             |     3 |     4 |    14 |     1 ||    22
